 Dungeon Crawl Stone Soup version 0.20.1-1-g8b1a95d66d (webtiles) character file.

53821 Peloso the Peltast (level 15, -1/103 HPs)
             Began as a Halfling Fighter on Nov 16, 2017.
             Was the Champion of Okawaru.
             Killed by divine providence
             ... invoked by an orc priest
              (15 damage)
             ... on level 2 of the Orcish Mines.
             The game lasted 01:12:43 (23785 turns).

Peloso the Peltast (Halfling Fighter)              Turns: 23785, Time: 01:12:43

Health: -1/103     AC: 28    Str: 33    XL:     15   Next: 11%
Magic:  16/16      EV: 13    Int:  6    God:    Okawaru [******]
Gold:   623        SH: 17    Dex: 18    Spells: 14/14 levels left

rFire    . . .     SeeInvis .   a - +6 falchion of the Elven Halls {freeze, rN++ Str+4 Dex+2}
rCold    . . .     Gourm    .   c - +1 shield
rNeg     + + .     Faith    .   k - +5 plate armour of the Iron City of Dis {+Fly MR+ Str+4}
rPois    +         Spirit   .   D - +1 helmet "Kanauka" {rCorr Str+3}
rElec    .         Reflect  .   M - +1 cloak
rCorr    +         Harm     .   C - +0 pair of gloves
MR       ++...                  I - +0 pair of boots {run}
Stlth    ..........             P - amulet of regeneration
Regen    0.7/turn               x - ring of poison resistance
MPRegen  0.2/turn               (no ring)

@: quick
A: mutation resistance 1
a: Heroism, Finesse, Renounce Religion, Evoke Flight


You were on level 2 of the Orcish Mines.
You worshipped Okawaru.
Okawaru was exalted by your worship.
You were not hungry.

You visited 4 branches of the dungeon, and saw 21 of its levels.
You visited 1 bazaar.
You also visited: Volcano.

You collected 1933 gold pieces.
You spent 1310 gold pieces at shops.

Inventory:

Hand Weapons
 a - the +6 falchion of the Elven Halls (weapon) {freeze, rN++ Str+4 Dex+2}
   (You found it on level 13 of the Dungeon)

   It has been specially enchanted to freeze those struck by it, causing extra
   injury to most foes and up to half again as much damage against particularly
   susceptible opponents.
   It can also slow down cold-blooded creatures.
   It affects your strength (+4).
   It affects your dexterity (+2).
   It greatly protects you from negative energy.
 U - a +2 falchion of flaming
Armour
 c - a +1 shield (worn)
 k - the +5 plate armour of the Iron City of Dis (worn) {+Fly MR+ Str+4}
   (You bought it in a shop in a bazaar)

   It affects your strength (+4).
   It affects your resistance to hostile enchantments.
   It lets you fly.
 C - a +0 pair of gloves (worn)
 D - the +1 helmet "Kanauka" (worn) {rCorr Str+3}
   (You found it on level 6 of the Dungeon)

   It affects your strength (+3).
   It protects you from acid and corrosion.
 I - a +0 pair of boots of running (worn)
 M - a +1 cloak (worn)
Jewellery
 x - a ring of poison resistance (left hand)
 y - an uncursed amulet of magic regeneration
 P - an amulet of regeneration (around neck)
Wands
 p - a wand of paralysis (10/24)
 t - a wand of iceblast (7/15)
 u - a wand of scattershot (4/9)
 w - a wand of iceblast (8/15)
 F - a wand of random effects (16/48)
 L - a wand of iceblast (2/15)
 T - a wand of disintegration (15/24)
Scrolls
 b - a scroll of fog
 e - 17 scrolls of identify
 g - 6 scrolls of teleportation
 j - 9 scrolls of remove curse
 l - 4 scrolls of recharging
 m - 3 scrolls of holy word {unknown}
 s - 8 scrolls of amnesia
 z - 2 scrolls of magic mapping
Potions
 d - 3 potions of flight
 h - 2 potions of brilliance {unknown}
 i - 4 potions of invisibility
 r - 2 potions of might
 v - 5 potions of heal wounds
 B - 6 potions of agility
 E - 4 potions of curing
 J - 2 potions of resistance {unknown}
 R - 2 potions of haste {unknown}
 S - 2 potions of berserk rage {unknown}
Comestibles
 f - 14 bread rations
 n - 8 royal jellies
 o - 14 fruits
 q - 8 meat rations


   Skills:
 + Level 10.0 Fighting
 + Level 14.2 Long Blades
 + Level 11.5 Armour
 + Level 4.2 Dodging
 + Level 3.1 Stealth
 + Level 15.1 Shields
 + Level 0.2 Unarmed Combat
 + Level 2.1 Invocations


You had 14 spell levels left.
You didn't know any spells.

Dungeon Overview and Level Annotations

Branches:
Dungeon (13/15)            Temple (1/1) D:6            Lair (5/6) D:8
 Shoals (0/4) Lair:2       Spider (0/4) Lair:3          Orc (2/2) D:12
    Elf (0/3) Orc:2        Vaults (0/5) D:13
  Slime: Lair:5-6

Altars:
Ashenzari
Cheibriados
Dithmenos
Elyvilon
Fedhas
Gozag
Hepliaklqana
Kikubaaqudgha
Makhleb
Nemelex Xobeh
Okawaru
Qazlal
Ru
Sif Muna
Trog
Uskayaw
Vehumet
Xom
Yredelemnul
Zin
The Shining One

Shops:
D:10 %   D:11 (   D:12 *   D:13 =   Orc:1 (   Orc:2 %?*


Innate Abilities, Weirdness & Mutations

You are small and have problems with some larger weapons.
You are somewhat resistant to further mutation.


Message History

You block the orc warrior's attack. x2
The orc priest mumbles some strange prayers to Beogh against you.
Beogh smites you!
* * * LOW HITPOINT WARNING * * *
Unknown command.
The orc warrior shouts!
You slash the orc warrior! You freeze the orc warrior.
You kill the orc warrior!
Okawaru accepts your kill. You block the orc warrior's attack.
The orc barely misses you.
You riposte.
You slash the orc! You freeze the orc.
You kill the orc!
The orc barely misses you.
The orc priest casts a cantrip, but nothing happens.
You hear a shout! x2
Things that are here:
a halberd; a plate armour; an orc corpse The orc priest calls down the wrath of Beogh upon you.
Beogh smites you!
You die...

,,**,,,**,,,*##...## ###
,**,,*,,**,,,*##.(#####
**,,***,,**,,,*##[..#.##
*,,**∩**,,**,*,*##.....# ###
,,**,,,**,,**,,,*##.).#####.##
*,,*∩,∩*,,**,*,*##[[.....#...#
**,,*,*,,**,,,*##)[[........##
,**,,,,,**,,,*##))).........####
,,**,,,**,,,*##o@##.........##.##
,,,**,#*,,,*##.)###.............#
*,,,**#.,,*##o)###..........<#.##
*,,,.*,.o,##.)###.......##...###
*,*,.o..#.#oo## ##.##..####.##
,,,,..4o.ooo## ####### ###
,,,*o#.#...## *,,,......#*
**,,#.#..#*


You could see 2 orc warriors, 3 orc priests and 2 orcs.

Vanquished Creatures
  Gastronok (D:9)
  A dire elephant (Lair:4)
  A red draconian (Volcano)
  Harold (Lair:2)
  4 vault guards
  3 hydras
  7 two-headed ogres
  An ogre mage (Volcano)
  An orc high priest (D:12)
  An orb spider (Lair:3)
  3 deep elf magi
  Pikel (D:6)
  2 orc knights
  An ugly thing (D:13)
  An orc sorcerer (Orc:1)
  2 cyclopes
  2 manticores
  7 elephants (Lair:4)
  A black mamba (Lair:5)
  2 centaur zombies
  2 spiny frogs
  2 gargoyles
  2 molten gargoyles (Volcano)
  A kobold demonologist (D:12)
  A komodo dragon (Lair:3)
  A queen bee (D:8)
  3 trolls
  A jumping spider (shapeshifter) (D:13)
  A meliai (D:12)
  4 hornets
  5 hippogriffs
  6 slime creatures
  7 dream sheep (Lair:4)
  10 blink frogs
  A centaur simulacrum (D:12)
  A ynoxinul (Orc:2)
  2 shadows
  A vampire (D:12)
  3 wyverns
  2 fire bats (Volcano)
  35 yaks
  2 chaos spawn (Orc:2)
  A steam dragon (D:12)
  2 basilisks
  2 wargs
  Edmund (D:5)
  A soldier ant (D:12)
  9 water moccasins
  2 hell hounds (D:8)
  11 porcupines
  24 orc warriors
  3 sky beasts
  A swamp drake (Orc:1)
  3 ice beasts
  A slave (D:6)
  9 ogres
  6 wolves (Lair:1)
  2 phantoms
  11 centaurs
  2 big kobolds
  6 crocodiles
  18 bullfrogs
  A water moccasin skeleton (D:7)
  3 scorpions
  A wyvern skeleton (D:7)
  33 killer bees
  3 howler monkeys
  5 lava snakes (Volcano)
  5 crimson imps
  A bullfrog zombie (D:13)
  2 quasits
  6 hounds
  7 jellies
  11 orc priests
  20 orc wizards
  3 centaur skeletons
  An iron imp (Orc:1)
  Crazy Yiuf (D:7)
  Natasha (thrice) (D:2)
  5 iguanas
  7 worker ants
  A hound skeleton (D:10)
  3 worker ant zombies
  A howler monkey zombie (D:6)
  Robin (D:2)
  2 howler monkey skeletons
  16 adders
  4 shadow imps
  A white imp (Orc:1)
  2 oozes (D:1)
  2 adder skeletons
  4 worms
  2 dart slugs (D:2)
  7 leopard geckos
  88 orcs
  2 giant cockroaches
  11 goblins
  12 hobgoblins
  12 jackals
  12 kobolds
  2 quokkas
  A ball python (D:7)
  8 bats
  9 frilled lizards
  A jackal skeleton (D:7)
  A leopard gecko skeleton (D:5)
  A quokka skeleton (D:8)
  5 rats
  A fungus (D:12)
  A plant (Lair:1)
582 creatures vanquished.

Vanquished Creatures (others)
  2 slaves
  A scorpion (D:7)
  A crimson imp (D:7)
  A shadow imp (D:6)
  2 orcs
  2 quokkas
  5 fungi (Lair:1)
  15 plants
29 creatures vanquished.

Grand Total: 611 creatures vanquished

Notes
Turn   | Place    | Note
-------+----------+-------------------------------------------
     0 | D:1      | Peloso the Halfling Fighter began the quest for the Orb.
     0 | D:1      | Reached XP level 1. HP: 15/15 MP: 1/1
   154 | D:1      | Reached XP level 2. HP: 9/20 MP: 2/2
   555 | D:1      | Reached XP level 3. HP: 25/25 MP: 3/3
   855 | D:2      | Found a shadowy altar of Dithmenos.
   999 | D:2      | Noticed Natasha
  1008 | D:2      | Killed Natasha
  1008 | D:2      | Reached skill level 4 in Shields
  1008 | D:2      | Reached XP level 4. HP: 14/31 MP: 4/4
  1449 | D:2      | Reached XP level 5. HP: 35/36 MP: 5/5
  1537 | D:2      | Noticed Robin
  1561 | D:2      | Killed Robin
  1876 | D:2      | Noticed Natasha
  1885 | D:2      | Killed Natasha
  2092 | D:2      | Noticed Natasha
  2106 | D:2      | Killed Natasha
  2106 | D:2      | Reached XP level 6. HP: 32/42 MP: 6/6
  2530 | D:3      | Reached skill level 5 in Shields
  3326 | D:4      | Reached skill level 1 in Dodging
  3326 | D:4      | Reached XP level 7. HP: 45/46 MP: 7/7
  3426 | D:4      | Found a shimmering altar of Xom.
  3657 | D:5      | Entered Level 5 of the Dungeon
  3756 | D:5      | Noticed Edmund
  3785 | D:5      | Killed Edmund
  3806 | D:5      | Reached skill level 5 in Long Blades
  3918 | D:5      | Reached skill level 5 in Armour
  3931 | D:5      | Reached XP level 8. HP: 19/54 MP: 8/8
  4508 | D:6      | Found a radiant altar of Vehumet.
  4523 | D:6      | Reached skill level 6 in Shields
  4524 | D:6      | Found a glowing golden altar of the Shining One.
  4749 | D:6      | Found a hide-covered altar of Uskayaw.
  4915 | D:6      | Found a sacrificial altar of Ru.
  4915 | D:6      | Found a blossoming altar of Fedhas.
  4916 | D:6      | Found a hazy altar of Hepliaklqana.
  5130 | D:6      | Got a dazzling helmet
  5141 | D:6      | Identified the +1 helmet "Kanauka" {rCorr Str+3} (You found it on level 6 of the Dungeon)
  5265 | D:6      | Found a staircase to the Ecumenical Temple.
  5302 | D:6      | Reached XP level 9. HP: 37/59 MP: 9/9
  5529 | Temple   | Entered the Ecumenical Temple
  5536 | Temple   | Became a worshipper of Warmaster Okawaru
  5724 | D:6      | Reached skill level 1 in Stealth
  5752 | D:7      | Noticed Pikel
  5813 | D:6      | Reached skill level 7 in Shields
  5952 | D:6      | Killed Pikel
  5952 | D:6      | Reached skill level 5 in Fighting
  6148 | D:7      | Reached * piety under Okawaru
  6694 | D:7      | Noticed a hippogriff
  6703 | D:7      | Killed a hippogriff
  6792 | D:7      | Found an opulent altar of Gozag.
  6801 | D:7      | Noticed a hippogriff
  6812 | D:7      | Killed a hippogriff
  6812 | D:7      | Reached XP level 10. HP: 55/66 MP: 10/10
  6988 | D:7      | Found a runed door.
  7051 | D:7      | Reached skill level 8 in Shields
  7207 | D:7      | Noticed Crazy Yiuf
  7211 | D:7      | Killed Crazy Yiuf
  7432 | D:8      | Paralysed by a hornet for 2 turns
  7805 | D:8      | Reached ** piety under Okawaru
  8416 | D:8      | Reached skill level 9 in Shields
  8712 | D:8      | Found a staircase to the Lair.
  9059 | D:8      | Found a burning altar of Makhleb.
  9061 | D:8      | Noticed a cacodemon
  9065 | D:8      | Noticed a smoke demon
  9065 | D:8      | Noticed a smoke demon
  9322 | D:9      | Reached *** piety under Okawaru
  9322 | D:9      | Reached XP level 11. HP: 59/72 MP: 11/11
  9385 | D:9      | Noticed a two-headed ogre
  9403 | D:9      | Killed a two-headed ogre
  9403 | D:9      | Reached skill level 10 in Long Blades
  9403 | D:9      | Reached skill level 10 in Shields
  9584 | D:9      | Received a gift from Okawaru
  9781 | D:9      | Found a white marble altar of Elyvilon.
  9797 | D:9      | Noticed Gastronok
  9961 | D:9      | Killed Gastronok
  9961 | D:9      | Reached **** piety under Okawaru
  9961 | D:9      | Reached skill level 1 in Invocations
 10406 | Lair:1   | Entered Level 1 of the Lair of Beasts
 10693 | Lair:1   | Reached ***** piety under Okawaru
 10860 | Lair:1   | Reached XP level 12. HP: 45/80 MP: 12/12
 10884 | Lair:1   | Reached skill level 11 in Shields
 11980 | Lair:2   | Noticed Harold
 12004 | Lair:2   | Killed Harold
 12028 | Lair:2   | Found a staircase to the Shoals.
 12318 | Lair:3   | Noticed an eight-headed hydra
 12532 | D:10     | Entered Level 10 of the Dungeon
 12811 | D:10     | Found Ceitegroh's Food Shop.
 13454 | D:11     | Found Jaakhlir's Antique Weapon Emporium.
 13457 | D:11     | Bought a smoking morningstar for 207 gold pieces
 13457 | D:11     | Bought a glowing long sword for 149 gold pieces
 13460 | D:11     | Identified the cursed +0 morningstar of Vinuploh {drain, +Rage Int+5 Stlth-} (You bought it in a shop on level 11 of the Dungeon)
 13472 | D:11     | Bought a glowing falchion for 138 gold pieces
 14326 | D:12     | Found Hennubov's Blood Bar.
 14430 | D:12     | Reached skill level 12 in Shields
 14439 | D:12     | Reached ****** piety under Okawaru
 14575 | D:12     | Received a gift from Okawaru
 14736 | D:12     | Reached XP level 13. HP: 88/88 MP: 13/13
 15137 | D:12     | Found a staircase to the Orcish Mines.
 15509 | D:13     | Found a gate to the Vaults.
 15509 | D:13     | Noticed a vault guard
 15509 | D:13     | Noticed a vault guard
 15509 | D:13     | Noticed a vault guard
 15509 | D:13     | Noticed a vault guard
 15575 | D:12     | Killed a vault guard
 15575 | D:12     | Reached skill level 10 in Armour
 15688 | D:11     | Killed a vault guard
 15723 | D:12     | Killed a vault guard
 15984 | D:12     | Killed a vault guard
 16972 | D:13     | Reached skill level 13 in Shields
 17436 | D:13     | Got a brightly glowing falchion
 17437 | D:13     | Identified the +6 falchion of the Elven Halls {freeze, rN++ Str+4 Dex+2} (You found it on level 13 of the Dungeon)
 17702 | D:13     | Found Pomalyrgh's Jewellery Emporium.
 17854 | Orc:1    | Entered Level 1 of the Orcish Mines
 18021 | D:12     | Received a gift from Okawaru
 18078 | Orc:1    | Found Wutiry's Weapon Shop.
 18357 | D:12     | Reached XP level 14. HP: 97/97 MP: 15/15
 18865 | Orc:2    | Entered Level 2 of the Orcish Mines
 18887 | Orc:2    | Found a staircase to the Elven Halls.
 18942 | Orc:2    | Found a flickering gateway to a bazaar.
 18954 | Bazaar   | Entered a bazaar
 18955 | Bazaar   | Found Peniy's General Store.
 18970 | Bazaar   | Found Riegokk's Magic Scroll Shop.
 18978 | Bazaar   | Found Neheogeom's Magic Scroll Boutique.
 18983 | Bazaar   | Found Ganwontoesm's Book Shoppe.
 18995 | Bazaar   | Found Mibly's Armour Emporium.
 19001 | Bazaar   | Bought the +5 plate armour of the Iron City of Dis {+Fly MR+ Str+4} for 711 gold pieces
 19036 | Bazaar   | Bought a scroll of enchant weapon for 105 gold pieces
 19176 | Orc:2    | Found Aklonei's Food Boutique.
 19200 | Orc:2    | Found a dark tunnel.
 19205 | Volcano  | Entered a volcano
 19486 | Volcano  | Found a radiant altar of Vehumet.
 19666 | Volcano  | Noticed a red draconian
 19684 | Volcano  | Killed a red draconian
 19684 | Volcano  | Received a gift from Okawaru
 19684 | Volcano  | Reached skill level 14 in Shields
 19693 | Volcano  | Identified a +0 pair of boots of running (Okawaru gifted it to you in a volcano)
 19982 | Orc:2    | Found Udopou's Jewellery Shop.
 20716 | Lair:3   | Found a hole to the Spider Nest.
 21438 | Lair:4   | Found a blossoming altar of Fedhas.
 21747 | Lair:4   | Noticed a dire elephant
 21787 | Lair:4   | Killed a dire elephant
 23230 | Lair:1   | Received a gift from Okawaru
 23230 | Lair:1   | Reached skill level 10 in Fighting
 23230 | Lair:1   | Reached XP level 15. HP: 86/103 MP: 16/16
 23366 | D:12     | Reached skill level 15 in Shields
 23518 | Orc:2    | Found Loun's General Store.
 23519 | Orc:2    | Found Esosh's Magic Scroll Emporium.
 23785 | Orc:2    | Killed from afar by an orc priest

Skill      XL: |  1  2  3  4  5  6  7  8  9 10 11 12 13 14 15 |
---------------+----------------------------------------------+-----
Fighting       | 3 4 5 6 7 9 10 | 10.0
Shields        | 4 5 6 7 9 10 12 13 14 15 | 15.1
Long Blades    | 3 4 5 6 8 9 11 12 13 14 | 14.2
Armour         | 4 5 6 7 8 9 10 11 | 11.5
Dodging        | 1 2 3 4 |  4.2
Stealth        | 1 2 3 |  3.1
Invocations    | 1 2 |  2.1
Unarmed Combat | |  0.2

Action                   |  1- 3 |  4- 6 |  7- 9 | 10-12 | 13-15 || total
-------------------------+-------+-------+-------+-------+-------++-------
Melee: Long sword        |   135 |   339 |   371 |  1222 |   530 ||  2597
       Unarmed           |       |       |       |     1 |       ||     1
       Falchion          |       |       |       |       |   806 ||   806
Invok: Heroism           |       |       |     1 |    13 |     9 ||    23
  Use: Scroll            |       |       |     6 |     6 |    18 ||    30
       Potion            |       |       |     6 |       |     1 ||     7
 Stab: Distracted        |       |       |       |     1 |       ||     1
       Confused          |       |       |       |       |     3 ||     3
  Eat: Chunk             |       |     9 |    11 |    27 |    25 ||    72
       Fruit             |       |       |     1 |     6 |     5 ||    12
Armor: Chain mail        |    82 |   183 |   128 |       |       ||   393
       Skin              |       |       |    16 |       |       ||    16
       Plate armour      |       |       |    28 |   437 |   443 ||   908
Dodge: Dodged            |    38 |   108 |   114 |   348 |   337 ||   945
Block: Shield            |    82 |   210 |   288 |   916 |   963 ||  2459
       Rpst.: Long sword |    13 |    42 |    32 |   103 |    39 ||   229
       Falchion          |       |       |       |       |    49 ||    49
